 Dungeon Crawl Stone Soup version 0.30.1-11-g7821555f0a (webtiles) character file.

Game seed: 7722475185404984032

118597 MacCMillion the Severer (level 16, -11/147 HPs)
             Began as a Ghoul Fighter on Dec 3, 2023.
             Was the Champion of Makhleb.
             Mangled by a shock serpent (14 damage)
             ... on level 3 of the Snake Pit.
             The game lasted 00:47:56 (27649 turns).

MacCMillion the Severer (Ghoul Fighter)            Turns: 27649, Time: 00:47:56

Health: -11/147    AC: 27    Str: 28    XL:     16   Next: 77%
Magic:  27/27      EV: 13    Int:  3    God:    Makhleb [******]
Gold:   2451       SH:  4    Dex:  8    Spells: 15/15 levels left

rFire   . . .        M - +8 war axe of Jojaz {flame, rC+}
rCold   + + .        c - +0 buckler
rNeg    + + +        E - +1 plate armour {Will+}
rPois   ∞            O - +0 helmet
rElec   .            i - scarf {repulsion}
rCorr   .            a - +1 pair of gloves
SInv    .            y - +1 pair of boots {Fly}
Will    ++...        Z - amulet of regeneration Stlth
                     j - +4 ring of protection
HPRegen 0.00/turn    G - +5 ring of evasion
MPRegen 0.20/turn

%: repel missiles
@: marked, flying, inhibited regen, studying Necromancy
A: claws 1, cold resistance 1, negative energy resistance 3, inhibited
regeneration, torment resistance 2, devour on kill
a: Renounce Religion, Minor Destruction, Lesser Servant of Makhleb, Major
Destruction, Greater Servant of Makhleb


You were on level 3 of the Snake Pit.
You worshipped Makhleb.
Makhleb was exalted by your worship.
You visited 5 branches of the dungeon, and saw 26 of its levels.
You also visited: Ice Cave.

You collected 2560 gold pieces.
You spent 109 gold pieces at shops.

Inventory:

Hand Weapons
 g - a +0 broad axe of protection
 M - the +8 war axe of Jojaz (weapon) {flame, rC+}
   (You found it on level 6 of the Dungeon)

   rC:        It protects you from cold.
Missiles
 D - 3 throwing nets
 U - 7 atropa-tipped darts
Armour
 a - a +1 pair of gloves (worn)
 c - a +0 buckler (worn)
 i - a scarf of repulsion (worn)
 y - a +1 pair of boots of flying (worn)
 E - a +1 plate armour of willpower (worn)
 O - a +0 helmet (worn)
Jewellery
 e - a ring of see invisible
 j - a +4 ring of protection (left hand)
 G - a +5 ring of evasion (right hand)
 Q - a ring of willpower
 R - a ring of fire
 Z - an amulet of regeneration (around neck)
Wands
 b - a wand of roots (16)
 q - a wand of polymorph (13)
 w - a wand of digging (9)
 x - a wand of flame (72)
 I - a wand of acid (9)
 L - a wand of paralysis (4)
 P - a wand of mindburst (8)
Scrolls
 k - 4 scrolls of blinking
 m - 3 scrolls of enchant armour
 n - a scroll of vulnerability
 o - 4 scrolls of fear
 s - 8 scrolls of poison
 u - a scroll of enchant weapon
 v - a scroll of summoning
 B - 3 scrolls of silence
 N - 5 scrolls of torment
 S - 2 scrolls of fog
 T - 3 scrolls of magic mapping
 X - 11 scrolls of teleportation
 Y - a scroll of immolation
Potions
 d - 3 potions of might
 f - 8 potions of heal wounds
 l - 3 potions of berserk rage
 p - 2 potions of ambrosia
 r - 2 potions of cancellation
 t - 5 potions of brilliance
 z - 2 potions of haste
 A - 3 potions of attraction
 C - 4 potions of resistance
 F - 13 potions of curing
 H - 3 potions of magic
 J - 3 potions of lignification
 K - 2 potions of flight {unknown}
 V - 2 potions of degeneration {unknown}
 W - a potion of experience {unknown}


   Skills:
 + Level 14.7 Fighting
 - Level 16.0 Axes
 + Level 13.5 Armour
 - Level 4.0 Shields
 - Level 16.0 Invocations


You had 15 spell levels left.
You didn't know any spells.
Your spell library contained the following spells:

 Spells                   Type           Power      Damage    Failure   Level
 Necrotise                Necr           0%         1d4       99%         1
 Summon Small Mammal      Summ           0%         N/A       99%         1
 Cigotuvi's Dreadful Rot  Necr/Pois/Air  0%         N/A       100%        2
 Call Canine Familiar     Summ           0%         N/A       100%        3
 Ignite Poison            Fire/Tmut/Pois 0%         N/A       100%        3
 Summon Guardian Golem    Hex/Summ       0%         N/A       100%        3
 Vampiric Draining        Necr           0%         2d6       100%        3
 Dispel Undead            Necr           0%         3d6       100%        4
 Sticky Flame             Conj/Fire      0%         2d3       100%        4
 Agony                    Necr           0%         N/A       100%        5
 Summon Forest            Summ/Tloc      0%         N/A       100%        5
 Summon Mana Viper        Hex/Summ       0%         N/A       100%        5
 Death Channel            Necr           0%         N/A       100%        6
 Summon Cactus Giant      Summ           0%         N/A       100%        6
 Ignition                 Fire           0%         3d3       100%        8


Dungeon Overview and Level Annotations

Branches:
Dungeon (15/15)            Temple (1/1) D:6            Lair (5/5) D:8
  Swamp (0/4) Lair:3        Snake (3/4) Lair:2        Slime (0/5) Lair:4
    Orc (2/2) D:11            Elf (0/3) Orc:2        Vaults (0/5) D:14
 Depths (0/4) D:15          IceCv (visited)

Altars:
Ashenzari
Cheibriados
Dithmenos
Fedhas
Gozag
Hepliaklqana
Kikubaaqudgha
Makhleb
Nemelex Xobeh
Okawaru
Qazlal
Ru
Sif Muna
Trog
Uskayaw
Vehumet
Wu Jian
Xom
Yredelemnul

Shops:
D:5 :   D:12 ([   Orc:2 *:=:([:   Snake:2 ?

Annotations:
D:8 6 transporters
Lair:4 exclusion: 2 oklob plants


Innate Abilities, Weirdness & Mutations

You are immune to poison.
You have sharp fingernails.
Your flesh is cold resistant. (rC+)
You are immune to negative energy. (rN+++)
You do not regenerate when monsters are visible.
You are immune to unholy pain and torment.
You thrive by killing the living.


Message History

You closely miss the shock serpent.
The shock serpent is lightly wounded.
The shock serpent bites you but does no damage.
You slash the shock serpent! You burn the shock serpent.
The shock serpent is moderately wounded.
The shock serpent's electric aura discharges, shocking you!
The shock serpent bites you but does no damage.
A salamander comes into view. It is wielding a +0 trident.
The shock serpent bites you. The shock serpent shocks you!
You miss the shock serpent.
The shock serpent is moderately wounded.
The naga mage spits poison at you. You block the splash of poison.
The shock serpent misses you.
A naga warrior comes into view. It is wielding a +0 glaive.
You miss the shock serpent.
The shock serpent is moderately wounded.
The shock serpent bites you. The shock serpent shocks you!
* * * LOW HITPOINT WARNING * * *
You miss the shock serpent.
The shock serpent is moderately wounded.
The naga barely misses you. The shock serpent barely misses you.
A demon appears!
You block the shock serpent's attack. The naga closely misses you.
You swap places.
The shock serpent bites your cacodemon!
The shock serpent shocks your cacodemon.
Your cacodemon resists.
The naga closely misses you.
The shock serpent barely misses your cacodemon.
There is an open door here.
You don't know any spells.
Okay, then.
A demon appears!
The naga hits you from afar with a +0 halberd!
* * * LOW HITPOINT WARNING * * *
Your cacodemon gestures at the naga.
The naga appears confused.
Something barely misses the naga mage.
The shock serpent bites you.
* * * LOW HITPOINT WARNING * * *
The shock serpent shocks you!
You die...

.........'...##..........#
.....N.N.##..##..........#
'#####N###..##..........#
####'###..##..........#
#.....##..##..........#
#.....##..##..........#
##).NN######.....######
####...2######.....#
........S@..##......
........2##..##...... #
...###'### ### .....# #
..# #.# #..####### .. ..'
#.......## ... #)......')
### #..[.^..## #.<[....##
#.......##


You could see a shock serpent (ally target), a naga mage and 2 friendly
cacodemons.

Vanquished Creatures
  A nagaraja (Snake:3)
  An ettin (Orc:2)
  A fire dragon (D:15)
  An ice dragon (D:15)
  Harold (D:10)
  5 hydras
  Fannar (D:11)
  7 boulder beetles
  9 anacondas
  3 ogre magi
  2 catoblepae
  2 centaur warriors (D:14)
  A death knight (D:15)
  3 death yaks (Lair:4)
  13 two-headed ogres
  2 naga warriors
  A tengu warrior (D:10)
  Sonja (Lair:5)
  2 naga sharpshooters
  A skeletal warrior (D:15)
  2 skysharks
  3 salamander mystics
  2 deep trolls (Orc:2)
  5 naga ritualists
  A deep elf pyromancer (D:12)
  3 orc knights
  11 mana vipers
  A necromancer (IceCv)
  3 orc sorcerers
  9 ugly things
  6 salamanders
  5 cyclopes
  2 manticores
  29 black mambas
  6 naga magi
  4 elephants (Lair:3)
  17 cane toads
  An ice statue (IceCv)
  3 gargoyles
  6 freezing wraiths
  An unseen horror (shapeshifter) (D:15)
  A cane toad (shapeshifter) (D:14)
  Psyche (D:9)
  Maggie (D:8)
  8 komodo dragons
  5 rime drakes
  An efreet (D:14)
  A kobold demonologist (D:9)
  A yaktaur (shapeshifter) (D:14)
  14 ice devils
  11 trolls
  3 tyrant leeches (Lair:5)
  A meliai (shapeshifter) (D:14)
  2 hornets
  17 blink frogs
  7 dream sheep (Lair:5)
  16 slime creatures
  A vampire (D:10)
  3 dire elephant simulacra (IceCv)
  A wraith (D:10)
  44 yaks
  5 basilisks
  4 wyverns
  5 death yak simulacra (IceCv)
  12 vampire mosquitoes
  19 nagas
  3 wargs
  2 harpy simulacra (IceCv)
  An acid dragon (D:12)
  7 water moccasins
  2 hydra simulacra (IceCv)
  15 orc warriors
  2 black bears
  20 ogres
  8 wolves
  6 centaurs
  14 bullfrogs
  A kobold brigand (D:8)
  A two-headed ogre simulacrum (IceCv)
  6 scorpions
  5 cane toad simulacra (IceCv)
  3 wights (D:8)
  4 elephant simulacra (IceCv)
  5 howler monkeys
  3 electric eels
  A jelly (D:6)
  10 orc priests
  A gnoll bouda (Orc:1)
  2 hounds
  A sleepcap (D:6)
  Ijyb (D:5)
  4 iguanas
  17 orc wizards
  5 polar bear simulacra (IceCv)
  A spriggan simulacrum (IceCv)
  A troll simulacrum (IceCv)
  A wolf simulacrum (IceCv)
  17 gnolls
  14 adders
  A naga simulacrum (IceCv)
  A shadow imp (D:5)
  2 white imps (D:6)
  3 ufetubi
  8 worms
  69 orcs
  2 ball pythons
  4 bats
  5 endoplasms
  3 giant cockroaches
  8 goblins
  5 hobgoblins
  9 jackals
  7 kobolds
  4 quokkas
  A frilled lizard (D:2)
  5 rats
683 creatures vanquished.

Vanquished Creatures (others)
  A black mamba (Snake:1)
  An orc wizard (D:9)
  3 orcs (D:9)
5 creatures vanquished.

Grand Total: 688 creatures vanquished

Notes
Turn   | Place    | Note
-------+----------+-------------------------------------------
     0 | D:1      | MacCMillion the Ghoul Fighter began the quest for the Orb.
     0 | D:1      | Reached XP level 1. HP: 19/19 MP: 0/0
   472 | D:1      | Reached XP level 2. HP: 23/26 MP: 1/1
  1147 | D:2      | Reached XP level 3. HP: 31/31 MP: 2/2
  1753 | D:2      | Reached XP level 4. HP: 38/38 MP: 3/3
  2204 | D:3      | Reached XP level 5. HP: 28/45 MP: 4/4
  2391 | D:3      | Found a faded altar of an unknown god.
  3002 | D:4      | Reached skill level 5 in Axes
  3002 | D:4      | Reached XP level 6. HP: 51/51 MP: 5/5
  3338 | D:4      | Reached XP level 7. HP: 50/57 MP: 6/6
  3856 | D:4      | Found a bloodstained altar of Trog.
  4209 | D:5      | Entered Level 5 of the Dungeon
  4281 | D:5      | Noticed Ijyb
  4286 | D:5      | Killed Ijyb
  4489 | D:5      | Found Eddo's Self-Improvement Boutique.
  4583 | D:5      | Reached XP level 8. HP: 62/63 MP: 7/7
  5413 | D:6      | Found a staircase to the Ecumenical Temple.
  5420 | Temple   | Entered the Ecumenical Temple
  5420 | Temple   | Found a transporter.
  5420 | Temple   | Found a transporter.
  5422 | Temple   | Found a transporter.
  5422 | Temple   | Found a transporter.
  5444 | Temple   | Became a worshipper of Makhleb the Destroyer
  6067 | D:6      | Identified the +8 war axe of Jojaz {flame, rC+}
  6294 | D:7      | Reached skill level 10 in Axes
  6294 | D:7      | Reached XP level 9. HP: 54/70 MP: 8/8
  6495 | D:7      | Reached skill level 1 in Invocations
  6981 | D:8      | Noticed a hornet
  6981 | D:8      | Found a transporter.
  6995 | D:7      | Killed a hornet
  7438 | D:8      | Found a transporter.
  7486 | D:8      | Reached * piety under Makhleb
  7650 | D:8      | Noticed a two-headed ogre
  7651 | D:8      | Found a staircase to the Lair.
  7670 | D:8      | Killed a two-headed ogre
  7671 | D:8      | Reached skill level 5 in Fighting
  7671 | D:8      | Reached XP level 10. HP: 28/81 MP: 10/12
  7976 | D:7      | Reached skill level 5 in Armour
  8026 | D:8      | Reached skill level 5 in Invocations
  8137 | D:8      | Noticed Maggie
  8212 | D:8      | Killed Maggie
  8395 | D:8      | Found a transporter.
  8401 | D:8      | Found a transporter.
  8450 | D:8      | Found a transporter.
  8451 | D:8      | Found a transporter.
  8570 | D:9      | Identified the +5 short sword of Satyriasis {flame, rElec
                  | rPois Str-4}
  8704 | D:9      | Noticed a two-headed ogre
  8719 | D:9      | Killed a two-headed ogre
  8856 | D:9      | Identified the +5 quarterstaff "Hauregeh" {distort, rF-
                  | rCorr Dex+3}
  8882 | D:9      | Noticed Psyche
  8897 | D:9      | Killed Psyche
  9055 | D:9      | Noticed a kobold demonologist
  9057 | D:9      | Noticed a smoke demon
  9060 | D:9      | Killed a kobold demonologist
  9138 | D:9      | Noticed a boulder beetle
  9162 | D:9      | Killed a boulder beetle
  9163 | D:9      | Reached XP level 11. HP: 44/92 MP: 14/14
  9563 | D:10     | Entered Level 10 of the Dungeon
  9570 | D:10     | Noticed a two-headed ogre
  9584 | D:10     | Killed a two-headed ogre
  9774 | D:10     | Reached ** piety under Makhleb
  9828 | D:10     | Found a hide-covered altar of Uskayaw.
  9843 | D:10     | Found a radiant altar of Vehumet.
  9889 | D:10     | Noticed Harold
  9900 | D:10     | Killed Harold
 10036 | D:10     | Noticed a tengu warrior
 10465 | D:10     | Noticed a five-headed hydra
 10475 | D:10     | Killed a two-headed hydra
 10798 | D:10     | Noticed a white ugly thing
 10809 | D:10     | Killed a white ugly thing
 10838 | D:10     | Killed a tengu warrior
 11074 | D:11     | Noticed a cyclops
 11083 | D:10     | Reached XP level 12. HP: 94/104 MP: 17/17
 11181 | D:11     | Found a staircase to the Orcish Mines.
 11244 | D:11     | Found a stormy altar of Qazlal.
 11564 | Lair:1   | Entered Level 1 of the Lair of Beasts
 11655 | Lair:1   | Identified the ring of Sudideox {Drain rPois EV+5 SInv}
 12742 | Lair:2   | Reached skill level 10 in Fighting
 12858 | Lair:2   | Reached *** piety under Makhleb
 12894 | Lair:2   | Found a staircase to the Snake Pit.
 13335 | Lair:3   | Found a staircase to the Swamp.
 13504 | Lair:3   | Noticed a boulder beetle
 13516 | Lair:3   | Killed a boulder beetle
 13624 | Lair:3   | Noticed an eight-headed hydra
 13638 | Lair:3   | Killed a four-headed hydra
 13639 | Lair:3   | Reached skill level 10 in Invocations
 13813 | Lair:3   | Noticed a skyshark
 13824 | Lair:3   | Killed a skyshark
 13967 | Lair:3   | Reached XP level 13. HP: 108/113 MP: 19/19
 14381 | Lair:4   | Identified the staff of poison "Anege" {rPois rN+ Int+3
                  | Dex+2}
 14598 | Lair:4   | Reached skill level 10 in Armour
 14815 | Lair:4   | Found a staircase to the Slime Pits.
 14919 | Lair:4   | Reached **** piety under Makhleb
 15333 | Lair:5   | Entered Level 5 of the Lair of Beasts
 15440 | Lair:5   | Noticed Sonja
 15445 | Lair:5   | Killed Sonja
 15996 | Lair:5   | Reached ***** piety under Makhleb
 16067 | Lair:5   | Reached XP level 14. HP: 114/121 MP: 22/22
 16221 | Lair:5   | Identified the +9 mace "Orb Guardian's Foe" {flame, Int-5
                  | Dex+4}
 16281 | Lair:5   | Reached skill level 15 in Axes
 16822 | Orc:1    | Entered Level 1 of the Orcish Mines
 16822 | Orc:1    | Noticed Fannar
 16832 | D:11     | Killed Fannar
 17557 | Orc:2    | Entered Level 2 of the Orcish Mines
 17848 | Orc:2    | Found Emonaygo's Book Boutique.
 17861 | Orc:2    | Found a staircase to the Elven Halls.
 17871 | Orc:2    | Found Dugaol's Assorted Antiques.
 17900 | Orc:2    | Bought a scroll labelled WEECVOAHIPI for 31 gold pieces
 18511 | Orc:2    | Found Pyvilaisyt's Book Boutique.
 18514 | Orc:2    | Found Wuinitty's Weapon Shoppe.
 18586 | Orc:2    | Found Aset's Armour Shop.
 18587 | Orc:2    | Found Bouzeatt's Book Boutique.
 18745 | Orc:2    | Found Figoihod's Jewellery Shoppe.
 18991 | D:12     | Found Keuss's Weapon Shop.
 19000 | D:12     | Reached ****** piety under Makhleb
 19065 | D:12     | Found a shimmering altar of Xom.
 19070 | D:12     | Found a shimmering altar of Xom.
 19141 | D:12     | Found a shimmering altar of Xom.
 19170 | D:12     | Found a shimmering altar of Xom.
 19170 | D:12     | Found a shimmering altar of Xom.
 19170 | D:12     | Found a shimmering altar of Xom.
 19170 | D:12     | Found a shimmering altar of Xom.
 19172 | D:12     | Found a shimmering altar of Xom.
 19190 | D:12     | Found Eredd's Armour Shop.
 19406 | D:12     | Found a frozen archway.
 19424 | IceCv    | Entered an ice cave
 19560 | IceCv    | Reached XP level 15. HP: 129/129 MP: 24/24
 19919 | IceCv    | Found an ancient bone altar of Kikubaaqudgha.
 20421 | IceCv    | Identified the +0 scale mail of Ufionur {-Cast rF++ Regen+
                  | Slay+3}
 22826 | D:14     | Found a gate to the Vaults.
 23230 | D:14     | Found a sacrificial altar of Ru.
 23416 | D:15     | Entered Level 15 of the Dungeon
 23915 | D:15     | Reached skill level 15 in Invocations
 24069 | D:15     | Found a staircase to the Depths.
 24382 | D:15     | Found an ancient bone altar of Kikubaaqudgha.
 24902 | Snake:1  | Entered Level 1 of the Snake Pit
 25054 | Snake:1  | Reached XP level 16. HP: 143/143 MP: 26/26
 26299 | Snake:2  | Found Dapats's Magic Scroll Emporium.
 26304 | Snake:2  | Bought a scroll of identify for 26 gold pieces
 26304 | Snake:2  | Bought 2 scrolls of identify for 52 gold pieces
 27443 | Snake:3  | Noticed a nagaraja
 27448 | Snake:3  | Killed a nagaraja
 27648 | Snake:3  | HP: 6/147 [naga/+0 halberd (9)]
 27649 | Snake:3  | Mangled by a shock serpent

Illustrated notes

Levels and vault maps discovered:
D:1:      dpeg_arrival_orchard, layout_basic, glass_columns_b,
          serial_bayou_pond_a, minmay_gold_behind_fungi
D:2:      layout_basic, kennysheep_doodads, chequers_serial_rivers_micro_a
D:3:      layout_loops_ring, basic_ecumenical_altar,
          minmay_misc_feat_secret_circle
D:4:      layout_basic, mainiacjoe_overflow_catwalk, mrwooster_statue_mirror,
          grunt_ministairs_14
D:5:      layout_loops_ring, nicolae_shop_self_help, uniq_ijyb
D:6:      layout_basic, minmay_temple_entry_statues_fountains,
          minmay_misc_feat_roman, kennysheep_dice
D:7:      layout_basic
D:8:      layout_rooms, minmay_lair_entry_grove, serial_nicolae_subway,
          nicolae_sub_station_stone, nicolae_sub_station_metal,
          nicolae_sub_station_crystal, uniq_maggie
D:9:      layout_basic, serial_glass, glass_columns_a, glass_columns_a,
          uniq_psyche
D:10:     minmay_blocky_corners, layout_basic, nicolae_overflow_squiral,
          uniq_harold
D:11:     layout_roguey, orc_0_dummy, kennysheep_nub, grunt_qazlal_sundering
D:12:     layout_roguey, serial_shops, shop, shop,
          portal_ice_cave_demonic_guard, xom_redecorated
D:13:     layout_basic
D:14:     layout_roguey, david_vaults_2, nicolae_ru_path_of_blood,
          nicolae_titane
D:15:     grunt_enter_depths_hoard, layout_irregular_city,
          kiku_gazebo_pond_becter
Temple:   hellmonk_temple_divided_pantheon
Lair:1:   layout_cave_pods, grunt_megastairs_5
Lair:2:   layout_loops_ring, guppyfry_snake_entry_island,
          chequers_serial_rivers_micro_d, serial_bayou_lagoon_a
Lair:3:   layout_gridlike, swamp_mist, grunt_megastairs_1
Lair:4:   layout_long_grid, minmay_slime_entry_oklob_enclosed,
          fungi_pond_lemuel, st_stairs_7
Lair:5:   minmay_lair_end_frog_pond, layout_regular_city, uniq_sonja
Snake:1:  layout_misc_corridors, grunt_megastairs_4
Snake:2:  layout_rooms, serial_shops, nicolae_shop_rolling_square,
          lemuel_fruit_tree
Snake:3:  layout_grid_maze
Orc:1:    layout_diamond_mine, nicolae_orc_bridge_out, uniq_fannar
Orc:2:    st_orc_open, layout_caves, serial_shops, shop, shop,
          nicolae_shop_statue_plus

Skill      XL: |  1  2  3  4  5  6  7  8  9 10 11 12 13 14 15 16 |
---------------+-------------------------------------------------+-----
Axes           | 2 3 5 7 10 11 12 13 14 16 | 16.0
Shields        | 3 4 |  4.0
Armour         | 4 6 7 9 10 12 13 | 13.5
Invocations    | 4 6 8 10 12 13 15 16 | 16.0
Fighting       | 5 7 9 10 11 13 14 | 14.7

Action                     |  1- 3 |  4- 6 |  7- 9 | 10-12 | 13-15 | 16-18 || total
---------------------------+-------+-------+-------+-------+-------+-------++-------
  Melee: War axe           |   110 |    45 |    72 |   334 |  1037 |   357 ||  1955
         Hand axe          |       |   100 |   242 |       |       |       ||   342
  Throw: Dart              |       |       |     4 |    27 |       |       ||    31
         Boomerang         |       |       |     3 |       |       |       ||     3
         Throwing net      |       |       |     1 |       |       |       ||     1
 Invoke: Minor Destruction |       |       |       |   130 |   110 |       ||   240
         Major Destruction |       |       |       |       |    24 |    12 ||    36
         Greater Servant o |       |       |       |       |       |     2 ||     2
  Evoke: Wand              |       |       |     4 |    16 |     2 |       ||    22
    Use: Scroll            |       |       |       |    16 |     7 |     5 ||    28
   Stab: Paralysed         |       |       |       |       |     1 |       ||     1
 Armour: Scale mail        |    41 |    56 |    39 |       |       |       ||   136
         Chain mail        |       |       |    56 |   112 |   149 |       ||   317
         Plate armour      |       |       |       |       |   347 |   169 ||   516
  Dodge: Dodged            |    49 |    53 |   142 |   155 |   469 |   207 ||  1075
         Repelled          |       |       |       |       |     4 |    10 ||    14
  Block: Buckler           |    15 |    17 |    40 |    42 |   145 |    52 ||   311
